[Event "Titled Tuesday Blitz November 08 Late 2022"]
[White "Kirillov, Dmitry"]
[Black "Prem, Pranav"]
[WhiteFideId "34180572"]
[BlackFideId "30901057"]
[WhiteElo "2095"]
[BlackElo "1970"]
[Result "0-1"]
[Round "06"]
[TimeControl "180+1"]
[Date "2022.11.09"]
[WhiteClock "0:00:02"]
[BlackClock "0:00:09"]

1. e4 c5 2. Nc3 Nc6 3. f4 g6 4. Nf3 Bg7 5. Bc4 e6 6. e5 Nge7 7. Ne4 O-O 8. c3 b6 9. O-O d5 10. exd6 Nf5 11. Bb5 Bb7 12. Qe2 Nxd6 13. Nxd6 Qxd6 14. d3 Rad8 15. Rd1 a6 16. Ba4 b5 17. Bc2 Rfe8 18. Qf2 Ne7 19. Be3 Rc8 20. d4 c4 21. Ne5 f6 22. Nf3 Bd5 23. a3 Nf5 24. Re1 Bh6 25. Bxf5 exf5 26. Qh4 Bg7 27. Bd2 Re4 28. Qf2 Rce8 29. g3 Qc6 30. Nh4 Rxe1+ 31. Rxe1 Rxe1+ 32. Qxe1 Be4 33. Qe3 Qd5 34. Kf2 a5 35. Nf3 Bf8 36. h3 Bd6 37. g4 Kf7 38. g5 Be7 39. gxf6 Bxf6 40. Ne5+ Kg7 41. Qg3 Bh1 42. h4 Be4 43. h5 Qd8 44. hxg6 Bh4 45. gxh7+ Bxg3+ 46. Kxg3 Kxh7 47. Nf7 Qe7 48. Ng5+ Kg6 49. Kf2 Bd3 50. Be3 b4 51. axb4 axb4 52. Nf3 bxc3 53. bxc3 Qa3 54. Bd2 Qa1 55. Ke3 Qf1 56. Ne5+ Kf6 57. Nd7+ Ke7 0-1


[Site "https://www.chess.com"]

[Event "Titled Tuesday Blitz November 08 Late 2022"]
[White "Kobo, Ori"]
[Black "Tan, Ralph"]
[WhiteFideId "2812320"]
[BlackFideId "30966590"]
[WhiteElo "2447"]
[BlackElo "2059"]
[Result "0-1"]
[Round "06"]
[TimeControl "180+1"]
[Date "2022.11.08"]
[WhiteClock "0:00:02"]
[BlackClock "0:00:06"]

1. e4 e6 2. d4 d5 3. Nd2 Nf6 4. e5 Nfd7 5. Bd3 c5 6. c3 Nc6 7. Ndf3 Qb6 8. Ne2 f6 9. exf6 Nxf6 10. O-O cxd4 11. cxd4 Bd6 12. Bg5 O-O 13. Nc3 Bd7 14. Re1 Nh5 15. a3 Nf4 16. Bc2 Rae8 17. b4 Qc7 18. Nb5 Qb8 19. Nxd6 Qxd6 20. Rc1 a6 21. Qd2 h6 22. Bh4 Nh3+ 23. Kh1 Qf4 24. Qd3 Ng5 25. Bxg5 hxg5 26. Qh7+ Kf7 27. Qg6+ Ke7 28. Nxg5 Kd6 29. Qxg7 Qxf2 30. Rcd1 Qxc2 31. Nf3 Qf5 32. Qg3+ Qf4 33. Qf2 Rf5 34. Kg1 Ref8 35. Re3 Qg4 36. Rf1 Nxd4 0-1


[Site "https://www.chess.com"]

[Event "Titled Tuesday Blitz November 08 Late 2022"]
[White "Kollars, Dmitrij"]
[Black "Fernandez Guillen, Ernesto J."]
[WhiteFideId "12909572"]
[BlackFideId "3512428"]
[WhiteElo "2584"]
[BlackElo "2450"]
[Result "1-0"]
[Round "06"]
[TimeControl "180+1"]
[Date "2022.11.08"]
[WhiteClock "0:00:10"]
[BlackClock "0:00:03"]

1. Nf3 Nf6 2. c4 g6 3. d4 Bg7 4. Nc3 d5 5. cxd5 Nxd5 6. e4 Nxc3 7. bxc3 O-O 8. h3 c5 9. Be2 Nc6 10. Be3 cxd4 11. cxd4 Qa5+ 12. Bd2 Qa3 13. d5 Ne5 14. Nxe5 Bxe5 15. Rb1 Qxa2 16. O-O a5 17. Qc1 Qa4 18. Bd3 Qd4 19. Qa3 Bd6 20. Qb3 a4 21. Qc2 a3 22. Bc3 Qc5 23. Rfc1 Bf4 24. Bb4 Qd4 25. Bc3 Qa4 26. Qxa4 Rxa4 27. Rc2 Bd7 28. Rxb7 a2 29. Ba1 Ra3 30. Bc4 Ba4 31. Rxa2 Rxa2 32. Bxa2 Rc8 33. Bb2 h5 34. g3 Bd6 35. e5 Bc5 36. d6 exd6 37. Rxf7 Rf8 38. Ra7+ Kh8 39. exd6+ 1-0


[Site "https://www.chess.com"]

[Event "Titled Tuesday Blitz November 08 Late 2022"]
[White "Korchmar, Vasiliy"]
[Black "Estrada Nieto, Julian"]
[WhiteFideId "24131750"]
[BlackFideId "5101018"]
[WhiteElo "2370"]
[BlackElo "2221"]
[Result "1-0"]
[Round "06"]
[TimeControl "180+1"]
[Date "2022.11.09"]
[WhiteClock "0:01:26"]
[BlackClock "0:00:50"]

1. e4 e5 2. Nf3 Nc6 3. Bc4 Bc5 4. c3 Nf6 5. d3 d6 6. Bg5 h6 7. Bh4 a6 8. Nbd2 Ba7 9. O-O g5 10. Bg3 Bg4 11. Qb3 Qd7 12. Qxb7 O-O 13. Qb3 Na5 14. Qc2 Nh5 15. Rfe1 Kh8 16. Kh1 f5 17. exf5 Rxf5 18. Bd5 c6 19. Be4 Rf6 20. Qa4 Nxg3+ 21. fxg3 Bb6 22. b4 d5 23. Nxe5 Qd6 24. Nxg4 dxe4 25. Nxe4 1-0


[Site "https://www.chess.com"]

[Event "Titled Tuesday Blitz November 08 Late 2022"]
[White "Kosakowski, Jakub"]
[Black "Rodriguez Fontecha, Marcos"]
[WhiteFideId "1185080"]
[BlackFideId "2256576"]
[WhiteElo "2463"]
[BlackElo "2263"]
[Result "1-0"]
[Round "06"]
[TimeControl "180+1"]
[Date "2022.11.09"]
[WhiteClock "0:02:32"]
[BlackClock "0:02:06"]

1. d4 d5 2. c4 Nc6 3. Nf3 e5 4. dxe5 Bb4+ 5. Bd2 dxc4 6. e3 Be6 7. a3 Bc5 8. Qc2 b5 9. b3 Nge7 10. bxc4 bxc4 11. Bxc4 Bxc4 12. Qxc4 Qd5 13. Qxd5 Nxd5 14. Ke2 O-O 15. Rc1 1-0


[Site "https://www.chess.com"]

[Event "Titled Tuesday Blitz November 08 Late 2022"]
[White "Kozak, Adam"]
[Black "Papasimakopoulos, Alexandros"]
[WhiteFideId "753246"]
[BlackFideId "4244125"]
[WhiteElo "2459"]
[BlackElo "2365"]
[Result "1-0"]
[Round "06"]
[TimeControl "180+1"]
[Date "2022.11.08"]
[WhiteClock "0:00:44"]
[BlackClock "0:01:36"]

1. e4 e6 2. d4 d5 3. e5 b6 4. c4 Bb4+ 5. Nc3 Bxc3+ 6. bxc3 Ne7 7. Nf3 Ba6 8. cxd5 Bxf1 9. dxe6 Bc4 10. exf7+ Bxf7 11. Ng5 Bd5 12. Qh5+ g6 13. Qh3 Qd7 14. e6 Qd6 15. Nf7 Qxe6+ 16. Qxe6 Bxe6 17. Nxh8 Nbc6 18. Bg5 Kd7 19. Bxe7 Nxe7 20. Nxg6 hxg6 21. f3 Nd5 22. Kd2 b5 23. Rhb1 a6 24. a4 Rh8 25. axb5 axb5 26. h3 c6 27. Ra7+ Kd6 28. Rg7 Nf4 29. g3 Nd5 30. Rxg6 Rxh3 31. Re1 Nc7 32. f4 Rh2+ 33. Kc1 Rf2 34. Re5 Rf3 35. f5 c5 36. Rxc5 b4 37. cxb4 1-0


[Site "https://www.chess.com"]

[Event "Titled Tuesday Blitz November 08 Late 2022"]
[White "Kuzmicz, Krystian"]
[Black "Santos Flores, Alberto"]
[WhiteFideId "1119125"]
[BlackFideId "3601234"]
[WhiteElo "2380"]
[BlackElo "2235"]
[Result "1-0"]
[Round "06"]
[TimeControl "180+1"]
[Date "2022.11.09"]
[WhiteClock "0:02:30"]
[BlackClock "0:01:05"]

1. e4 c5 2. d3 g6 3. g3 Bg7 4. Bg2 Nc6 5. f4 e6 6. Nf3 Nge7 7. O-O d5 8. c3 b6 9. e5 h5 10. Be3 Nf5 11. Bf2 a5 12. Na3 Ba6 13. Re1 Qd7 14. Nc2 Bb7 15. d4 c4 16. h3 b5 17. g4 hxg4 18. hxg4 Nfe7 19. Ne3 b4 20. Bh4 a4 21. a3 b3 22. Bf6 Rg8 23. Kf2 O-O-O 24. Rh1 Kb8 25. Rh7 Bxf6 26. exf6 Nc8 27. Ne5 Nxe5 28. fxe5 Rh8 29. Qh1 Rxh7 30. Qxh7 Bc6 31. Rh1 Rf8 32. Qg7 Qe8 33. Rh7 Nb6 34. g5 Kc7 35. Ng4 1-0


[Site "https://www.chess.com"]

[Event "Titled Tuesday Blitz November 08 Late 2022"]
[White "Lazavik, Denis"]
[Black "Boruchovsky, Avital"]
[WhiteFideId "13515110"]
[BlackFideId "2800055"]
[WhiteElo "2483"]
[BlackElo "2458"]
[Result "1-0"]
[Round "06"]
[TimeControl "180+1"]
[Date "2022.11.08"]
[WhiteClock "0:01:06"]
[BlackClock "0:00:12"]

1. d4 Nf6 2. c4 e6 3. Nf3 d5 4. g3 dxc4 5. Bg2 Nbd7 6. O-O c6 7. a4 b6 8. Qc2 Ba6 9. Nbd2 Rc8 10. Nxc4 c5 11. b3 Be7 12. Rd1 O-O 13. Bb2 Bb7 14. e3 cxd4 15. Nxd4 Bxg2 16. Kxg2 Qc7 17. Qe2 Nc5 18. Rac1 Rfd8 19. Qf3 h5 20. Nb5 Qb8 21. Rxd8+ Rxd8 22. Ne5 Rc8 23. Nc6 Qb7 24. Nxe7+ Qxe7 25. b4 a6 26. Nd4 e5 27. Nf5 Qe6 28. bxc5 bxc5 29. e4 Rb8 30. Ba1 Rb3 31. Ne3 Ng4 32. Bc3 Ra3 33. Nxg4 hxg4 34. Qf5 Qxf5 35. exf5 f6 36. Bd2 Rxa4 37. Rxc5 Ra2 38. Be3 a5 39. Rc4 a4 40. Rxg4 Kf7 41. Rb4 Ke7 42. Rb7+ Kd6 43. Rxg7 a3 44. Ra7 Ra1 45. h4 Kd5 46. h5 Ke4 47. h6 a2 48. h7 Rh1 49. Kxh1 1-0


[Site "https://www.chess.com"]

[Event "Titled Tuesday Blitz November 08 Late 2022"]
[White "Leitao, Rafael"]
[Black "Winterberg, Lukas"]
[WhiteFideId "2101246"]
[BlackFideId "24622702"]
[WhiteElo "2609"]
[BlackElo "2349"]
[Result "0-1"]
[Round "06"]
[TimeControl "180+1"]
[Date "2022.11.09"]
[WhiteClock "0:00:27"]
[BlackClock "0:00:16"]

1. c4 e6 2. g3 d5 3. Bg2 Nf6 4. Nf3 Be7 5. O-O O-O 6. b3 d4 7. e3 c5 8. exd4 cxd4 9. d3 Nc6 10. Na3 Bc5 11. Nc2 a5 12. Re1 Re8 13. Rb1 e5 14. Bg5 h6 15. Bxf6 Qxf6 16. Nd2 Bf8 17. a3 Qg6 18. b4 axb4 19. axb4 Bg4 20. Qc1 Ra2 21. Ne4 f5 22. Nd2 e4 23. dxe4 fxe4 24. Rxe4 Bf5 25. Qe1 Bxe4 26. Bxe4 Rxe4 27. Nxe4 Rxc2 28. b5 Ne5 29. Kg2 Nd3 0-1


[Site "https://www.chess.com"]

[Event "Titled Tuesday Blitz November 08 Late 2022"]
[White "Leiva, Gianmarco"]
[Black "Ladan, Nicholas"]
[WhiteFideId "3804399"]
[BlackFideId "30918855"]
[WhiteElo "2286"]
[BlackElo "2167"]
[Result "1-0"]
[Round "06"]
[TimeControl "180+1"]
[Date "2022.11.09"]
[WhiteClock "0:02:14"]
[BlackClock "0:01:10"]

1. e4 d6 2. d4 g6 3. Nf3 Bg7 4. Nc3 a6 5. a4 Nd7 6. Bc4 e6 7. O-O Ne7 8. Re1 b6 9. Be3 Bb7 10. Qd2 O-O 11. Bh6 d5 12. Bd3 dxe4 13. Bxe4 Qc8 14. Qg5 Nf6 15. Bxg7 Kxg7 16. Qe5 Bxe4 17. Nxe4 Ng8 18. g4 h6 19. h4 g5 20. hxg5 hxg5 21. Qxg5+ 1-0


[Site "https://www.chess.com"]

[Event "Titled Tuesday Blitz November 08 Late 2022"]
[White "Leschinsky, Gary"]
[Black "Kumala, Aleksander"]
[WhiteFideId "30951321"]
[BlackFideId "1141880"]
[WhiteElo "1855"]
[BlackElo "2269"]
[Result "1-0"]
[Round "06"]
[TimeControl "180+1"]
[Date "2022.11.09"]
[WhiteClock "0:00:27"]
[BlackClock "0:00:16"]

1. d4 Nf6 2. c4 e5 3. dxe5 Ng4 4. Bf4 Bb4+ 5. Nd2 Nc6 6. Nf3 Qe7 7. a3 Ncxe5 8. Nxe5 Nxe5 9. e3 Bc5 10. b4 Bd4 11. Rb1 d6 12. Be2 Ng6 13. Bg3 Be5 14. O-O O-O 15. Qc2 b6 16. Bf3 Rb8 17. Rbc1 Bb7 18. Bxb7 Rxb7 19. Bxe5 Qxe5 20. Qc3 c5 21. Nf3 Qxc3 22. Rxc3 cxb4 23. axb4 Rc7 24. Rd1 Rd8 25. e4 Kf8 26. Nd4 Rdc8 27. Rdc1 Ne5 28. Nb5 Rxc4 29. Rxc4 Rxc4 30. Rxc4 Nxc4 31. Nxa7 Ke7 32. f3 Kd7 33. Nb5 Ne3 34. Nc3 Kc6 35. Kf2 Nc2 36. Nd5 Kb5 37. Ne7 Kxb4 38. Nf5 Kc5 39. Nxg7 b5 40. Ke2 b4 41. Kd2 Nd4 42. Ne8 d5 43. exd5 Kxd5 44. Nf6+ Kc4 45. Nxh7 b3 46. Kc1 Kc3 47. Nf6 b2+ 48. Kb1 Nb5 49. Ne4+ Kb3 50. Nc5+ Kc4 51. Na4 Kd3 52. Kxb2 Ke2 53. Nc3+ Nxc3 54. Kxc3 Kf2 55. h4 Kxg2 56. h5 f5 57. h6 f4 58. h7 Kxf3 59. h8=Q Ke2 60. Qe5+ Kf3 61. Kd3 Kg3 62. Ke4 1-0


[Site "https://www.chess.com"]

[Event "Titled Tuesday Blitz November 08 Late 2022"]
[White "Levine, David"]
[Black "Viana Da Costa, Fernando"]
[WhiteFideId "2011611"]
[BlackFideId "2111900"]
[WhiteElo "2195"]
[BlackElo "2259"]
[Result "0-1"]
[Round "06"]
[TimeControl "180+1"]
[Date "2022.11.09"]
[WhiteClock "0:00:01"]
[BlackClock "0:00:41"]

1. d4 Nf6 2. c4 e6 3. g3 d5 4. Bg2 Be7 5. Nf3 O-O 6. O-O c6 7. Qc2 b6 8. Nbd2 Nbd7 9. e4 Bb7 10. e5 Ne8 11. cxd5 cxd5 12. Nb1 Rc8 13. Nc3 b5 14. Qd1 b4 15. Ne2 Nc7 16. Re1 Nb5 17. h4 Qb6 18. h5 Qc6 19. h6 g6 20. Qd2 Qc2 21. Qf4 Qf5 22. Qe3 Qe4 23. Qxe4 dxe4 24. Nd2 Nb6 25. Nxe4 Nd5 26. Bd2 Rc2 27. a4 bxa3 28. bxa3 Nxa3 29. Rec1 Rfc8 30. Rxc2 Rxc2 31. Rc1 Rxc1+ 32. Bxc1 Nc2 33. Nd6 Bc6 34. Nc8 Bd8 35. Nxa7 Bd7 36. Nf4 Nxf4 37. Bxf4 Nxd4 38. Bb7 Bb6 39. Nc8 Bc5 40. Kg2 Nc6 0-1


[Site "https://www.chess.com"]

[Event "Titled Tuesday Blitz November 08 Late 2022"]
[White "Liu, Kelsey"]
[Black "Do Nascimento,Christian Almeida"]
[WhiteFideId "30944481"]
[BlackFideId "2143801"]
[WhiteElo "2324"]
[BlackElo "2079"]
[Result "1-0"]
[Round "06"]
[TimeControl "180+1"]
[Date "2022.11.09"]
[WhiteClock "0:01:12"]
[BlackClock "0:00:23"]

1. e4 c5 2. Nf3 d6 3. Nc3 Nf6 4. e5 dxe5 5. Nxe5 Nbd7 6. d4 Nxe5 7. dxe5 Qxd1+ 8. Kxd1 Ng4 9. Bb5+ Bd7 10. e6 fxe6 11. Ke2 O-O-O 12. f3 Nf6 13. Be3 b6 14. Ba6+ Kb8 15. Bf4+ Ka8 16. Rad1 Nd5 17. Nxd5 exd5 18. Rxd5 e6 19. Rd2 Be7 20. Bc7 Bc6 21. Bxd8 Bxd8 22. Bc4 Bc7 23. Rhd1 Kb7 24. Kf2 e5 25. Bd5 Rf8 26. Bxc6+ Kxc6 27. Rd7 g5 28. Rxh7 g4 29. Rdd7 Bd6 30. Rxa7 e4 31. Rhf7 Rh8 32. fxe4 Rxh2 33. Rf6 Rh5 34. Re7 g3+ 35. Kf3 Rh8 36. Ree6 1-0


[Site "https://www.chess.com"]

[Event "Titled Tuesday Blitz November 08 Late 2022"]
[White "Machidon, Cristi"]
[Black "Mendez Fortes, Eduardo Jesus"]
[WhiteFideId "13904590"]
[BlackFideId "3502376"]
[WhiteElo "2333"]
[BlackElo "2307"]
[Result "1-0"]
[Round "06"]
[TimeControl "180+1"]
[Date "2022.11.09"]
[WhiteClock "0:00:23"]
[BlackClock "0:00:13"]

1. d4 Nf6 2. c4 e6 3. Nf3 d5 4. Nc3 Bb4 5. g3 dxc4 6. Bg2 O-O 7. O-O Nc6 8. e3 Rb8 9. Nd2 Bxc3 10. bxc3 Nd5 11. Qc2 b5 12. a4 b4 13. Nxc4 b3 14. Qb2 Ba6 15. Nd2 Bxf1 16. Bxf1 Nf6 17. Bb5 Na5 18. Qa3 Qd6 19. Rb1 Nd5 20. Qa1 c6 21. Ba3 Qc7 22. Bxf8 cxb5 23. Bb4 Nxb4 24. cxb4 Nc4 25. Nxb3 bxa4 26. Qxa4 Qb7 27. Nc5 Qd5 28. Qxa7 Rd8 29. Qb7 Qf5 30. Qe4 Qf6 31. Ra1 h6 32. Ra8 Nd2 33. Rxd8+ Qxd8 34. Qc6 Qb8 35. b5 Qa7 36. Na6 g5 37. Kg2 g4 38. h3 h5 39. hxg4 hxg4 40. Qc2 Nf3 41. Nb4 Qb7 42. Qc6 Qe7 43. Nd3 Qa3 44. Qe4 Kf8 45. Qxg4 Qxd3 46. Qxf3 Qxb5 47. Qf4 Ke7 48. g4 Qc6+ 49. Kg3 Qc3 50. Qg5+ Kf8 51. Qc5+ Qxc5 52. dxc5 Ke7 53. Kf4 Kd7 54. Ke5 Kc6 55. Kf6 Kxc5 56. Kxf7 1-0


[Site "https://www.chess.com"]

[Event "Titled Tuesday Blitz November 08 Late 2022"]
[White "Makarian, Rudik"]
[Black "Kanakaris, Georgios"]
[WhiteFideId "44105681"]
[BlackFideId "4209460"]
[WhiteElo "2423"]
[BlackElo "2291"]
[Result "1-0"]
[Round "06"]
[TimeControl "180+1"]
[Date "2022.11.08"]
[WhiteClock "0:00:04"]
[BlackClock "0:00:01"]

1. Nf3 Nf6 2. c4 g6 3. Nc3 Bg7 4. g3 O-O 5. Bg2 d6 6. O-O e5 7. d3 Nc6 8. Rb1 h6 9. b4 Be6 10. b5 Ne7 11. d4 Bf5 12. Rb3 Ne4 13. dxe5 Nxc3 14. Rxc3 dxe5 15. Nh4 e4 16. Nxf5 Nxf5 17. Rb3 Qxd1 18. Rxd1 Rfd8 19. Re1 Nd4 20. Bxe4 Nxb3 21. axb3 Rab8 22. Bf4 Rd7 23. h4 Re7 24. Bf3 Be5 25. Bxh6 a6 26. Rd1 axb5 27. cxb5 Bd6 28. Kg2 b6 29. e3 Re5 30. Bd5 Rd8 31. Bc4 Be7 32. Ra1 Rc5 33. Bf4 Bd6 34. Bg5 Re8 35. Rd1 Kg7 36. Kf3 f6 37. Bf4 Bxf4 38. Rd7+ Kf8 39. exf4 Re7 40. Rd8+ Kg7 41. Rg8+ Kh7 42. Rc8 Rd7 43. g4 Kg7 44. Kg3 Kh7 45. g5 fxg5 46. fxg5 Kg7 47. Rg8+ Kh7 48. Rf8 Re7 49. Rf6 Rce5 50. f3 Rf5 51. Rxf5 gxf5 52. h5 Re5 53. Kf4 Rc5 54. Ke3 Kg7 55. f4 c6 56. Kd4 cxb5 57. Bd3 b4 58. Bc4 Kh7 59. Bd5 Kg7 60. Ke5 Kh7 61. Kd6 Rc3 62. Be6 Re3 63. Bxf5+ Kg7 64. h6+ Kf7 65. g6+ Kf6 66. g7 Re8 67. Bh7 b5 68. g8=Q 1-0


[Site "https://www.chess.com"]

[Event "Titled Tuesday Blitz November 08 Late 2022"]
[White "Manelyuk, Daniil"]
[Black "Wan, Joseph"]
[WhiteFideId "44173920"]
[BlackFideId "2069890"]
[WhiteElo "2209"]
[BlackElo "2200"]
[Result "1/2-1/2"]
[Round "06"]
[TimeControl "180+1"]
[Date "2022.11.09"]
[WhiteClock "0:00:15"]
[BlackClock "0:00:05"]

1. e4 c5 2. Nf3 d6 3. d4 cxd4 4. Nxd4 Nf6 5. Nc3 Nc6 6. Be3 e5 7. Nb3 Be7 8. f3 Be6 9. Qd2 d5 10. exd5 Nxd5 11. Nxd5 Qxd5 12. O-O-O O-O-O 13. Qxd5 Rxd5 14. Bd3 Nb4 15. Be4 Rxd1+ 16. Rxd1 f5 17. Bc5 Bg5+ 18. Kb1 fxe4 19. Bxb4 exf3 20. gxf3 Rd8 21. Re1 Bf4 22. Nc5 Bd5 23. Nd3 Bxf3 24. a4 Bc6 25. Nxe5 Bxa4 26. Nd3 Bg5 27. h4 Bxh4 28. Rh1 Bf6 29. Rxh7 Bb5 30. Rh3 b6 31. b3 Re8 32. c4 Bc6 33. Kc2 Re2+ 34. Kd1 Rg2 35. Bd2 Be4 36. Nf4 Rg1+ 37. Ke2 Kb7 38. Nd5 Bd4 39. Be3 Rg2+ 40. Ke1 Bxe3 41. Rxe3 Bxd5 42. cxd5 Rg5 43. Ke2 Rxd5 44. Re7+ Ka6 45. Rxg7 Rb5 46. Rg3 Ka5 47. Kd2 Kb4 48. Kc2 Rc5+ 49. Kb2 Kb5 50. Rg4 Re5 51. Ka3 a5 52. Rg3 Ka6 53. Rg4 Kb7 54. Rg7+ Ka6 55. Rg6 Re3 56. Rg8 Re1 57. Ra8+ Kb5 58. Rg8 Ra1+ 59. Kb2 Rh1 60. Rg5+ Ka6 61. Rg6 Rh2+ 62. Ka3 Rh3 63. Rg5 b5 64. Rg6+ Kb7 65. Rg7+ Kc6 66. Rg6+ Kc5 67. Rg5+ Kb6 68. Rg6+ Kc7 69. Rg7+ Kd6 70. Rg6+ Kc7 71. Rg7+ Kc6 72. Rg6+ Kc5 73. Rg5+ Kb6 74. Rg6+ Ka7 75. Rg7+ Ka6 76. Rg6+ Kb7 77. Rg7+ Kc6 1/2-1/2


[Site "https://www.chess.com"]

[Event "Titled Tuesday Blitz November 08 Late 2022"]
[White "Martic, Ivan"]
[Black "Guha, Eshan"]
[WhiteFideId "929301"]
[BlackFideId "30958628"]
[WhiteElo "2355"]
[BlackElo "2368"]
[Result "1-0"]
[Round "06"]
[TimeControl "180+1"]
[Date "2022.11.09"]
[WhiteClock "0:00:29"]
[BlackClock "0:00:04"]

1. Nf3 Nf6 2. g3 g6 3. Bg2 Bg7 4. O-O O-O 5. d3 d5 6. Nc3 c5 7. e4 d4 8. Ne2 Nc6 9. Nd2 e5 10. h3 Be6 11. a4 Ne8 12. f4 Nd6 13. b3 Qd7 14. Kh2 f6 15. Nf3 b6 16. fxe5 Nxe5 17. Nf4 Ndf7 18. Nxe6 Qxe6 19. Bf4 Nxf3+ 20. Bxf3 Ne5 21. Bg4 Nxg4+ 22. Qxg4 Qxg4 23. hxg4 Rae8 24. a5 g5 25. Bd2 b5 26. a6 Re6 27. Rf5 Re5 28. Raf1 Rfe8 29. Ba5 R8e6 30. Bc7 Rxf5 31. Rxf5 Rc6 32. Bb8 Rxa6 33. Rxc5 Bf8 34. Rc8 Kg7 35. Rc7+ Kg6 36. Rxa7 Rc6 37. Rc7 Rxc7 38. Bxc7 Bb4 39. Kg2 Bc3 40. Kf3 Kf7 41. e5 fxe5 42. Bxe5 Ke6 43. Ke4 Be1 44. Kxd4 b4 45. Ke4 Bd2 46. d4 1-0


[Site "https://www.chess.com"]

[Event "Titled Tuesday Blitz November 08 Late 2022"]
[White "Martinez Alcantara, Jose Eduardo"]
[Black "Urazayev, Arystanbek"]
[WhiteFideId "3805662"]
[BlackFideId "13709810"]
[WhiteElo "2705"]
[BlackElo "2441"]
[Result "0-1"]
[Round "06"]
[TimeControl "180+1"]
[Date "2022.11.08"]
[WhiteClock "0:00:26"]
[BlackClock "0:01:29"]

1. e4 c5 2. Nf3 e6 3. c3 d5 4. exd5 exd5 5. d4 Nc6 6. Bb5 Nf6 7. O-O Be7 8. dxc5 Bxc5 9. Nbd2 O-O 10. Nb3 Bb6 11. Bg5 h6 12. Bxf6 Qxf6 13. Qxd5 Be6 14. Qe4 Bf5 15. Qh4 g5 16. Qa4 Rad8 17. Rae1 g4 18. Bxc6 bxc6 19. Ne5 Rfe8 20. Nxg4 Qh4 21. Rxe8+ Rxe8 22. h3 Bxg4 23. Qxg4+ Qxg4 24. hxg4 Re2 25. Nd4 Rxb2 26. Nxc6 Rxa2 27. Ne7+ Kh7 28. Nd5 Bc5 29. Nf6+ Kg6 30. Ne4 Bb6 31. Rd1 Re2 32. Rd6+ Kg7 33. Ng3 Bxf2+ 34. Kf1 Bxg3 35. Rd1 Rf2+ 36. Kg1 a5 37. c4 Rc2 38. Ra1 Rxc4 39. Kf1 Re4 40. g5 h5 41. g6 fxg6 42. Rd1 Re1+ 43. Rxe1 Bxe1 44. Ke2 a4 45. Kd1 a3 46. Kc2 Bb4 47. Kb1 Bf8 48. Ka2 g5 49. g3 g4 50. Kb3 Kg6 51. Kc2 Kf5 52. Kd3 a2 53. Ke2 a1=Q 54. Kf2 Qc3 55. Kg2 Bd6 56. Kh1 h4 57. gxh4 Qh3+ 0-1


[Site "https://www.chess.com"]

[Event "Titled Tuesday Blitz November 08 Late 2022"]
[White "Melikhov, Evgeny V."]
[Black "Thiel, Thomas"]
[WhiteFideId "4122046"]
[BlackFideId "4615964"]
[WhiteElo "2169"]
[BlackElo "2208"]
[Result "0-1"]
[Round "06"]
[TimeControl "180+1"]
[Date "2022.11.09"]
[WhiteClock "0:00:07"]
[BlackClock "0:01:31"]

1. d4 Nf6 2. c4 g6 3. Nc3 d5 4. cxd5 Nxd5 5. e4 Nxc3 6. bxc3 Bg7 7. Bc4 c5 8. Ne2 O-O 9. Be3 Nc6 10. h4 cxd4 11. cxd4 Qa5+ 12. Kf1 Qa3 13. Qc1 Qxc1+ 14. Rxc1 Rd8 15. e5 Nb4 16. h5 Nd5 17. Bxd5 Rxd5 18. h6 Bf8 19. f3 Ra5 20. Rc2 Be6 21. Kf2 Rxa2 22. Rxa2 Bxa2 23. Rc1 Bd5 24. Nc3 e6 25. Nxd5 exd5 26. Rc7 a5 27. Rxb7 a4 28. Rb2 a3 29. Ra2 Rb8 30. Bc1 Rb3 31. Ke2 Bxh6 32. Bxa3 Re3+ 33. Kf2 Rd3 34. Bc5 Rd2+ 35. Rxd2 Bxd2 36. g4 Bf4 37. Bb4 Kg7 38. Ke2 h5 39. gxh5 gxh5 40. Be1 Kg6 41. Bh4 Kf5 42. Bd8 Bg5 43. Bc7 h4 44. Kf2 Bf4 45. Kg2 Be3 46. Bb6 Kf4 47. Kh3 Kxf3 48. Kxh4 Ke4 49. Kg4 Bxd4 50. Bxd4 Kxd4 51. Kf5 Ke3 52. Kf6 Ke4 0-1


[Site "https://www.chess.com"]

[Event "Titled Tuesday Blitz November 08 Late 2022"]
[White "Melkumyan, Hrant"]
[Black "Maksimovic, Bojan"]
[WhiteFideId "13302485"]
[BlackFideId "14408120"]
[WhiteElo "2604"]
[BlackElo "2447"]
[Result "1-0"]
[Round "06"]
[TimeControl "180+1"]
[Date "2022.11.08"]
[WhiteClock "0:01:17"]
[BlackClock "0:00:01"]

1. d4 Nf6 2. c4 g6 3. Nc3 Bg7 4. e4 d6 5. Be2 Nbd7 6. h4 c5 7. d5 h6 8. Be3 b5 9. cxb5 a6 10. a4 axb5 11. Bxb5 Ba6 12. Nf3 Bxb5 13. axb5 O-O 14. Nd2 Rxa1 15. Qxa1 Ng4 16. Bf4 Bd4 17. Bg3 Nde5 18. O-O Nd3 19. Nf3 Bg7 20. Qb1 c4 21. Ne1 Nxe1 22. Qxe1 Qb6 23. Qe2 Ne5 24. Bxe5 Bxe5 25. Qxc4 Qb8 26. g3 Rc8 27. Qd3 Qb6 28. Kg2 Qc5 29. Rc1 Qc4 30. Qxc4 Rxc4 31. Na2 Ra4 32. b6 Rxa2 33. b7 Rxb2 34. Rc8+ Kg7 35. b8=Q Rxb8 36. Rxb8 f5 37. f4 Bd4 38. Kf3 Kf6 39. Rf8+ Kg7 40. Rc8 Kf7 41. Rc4 Bb2 42. Rc2 Bd4 43. h5 gxh5 44. exf5 Kf6 45. Ke4 Bc5 46. Rh2 Bb4 47. Rxh5 1-0


[Site "https://www.chess.com"]

[Event "Titled Tuesday Blitz November 08 Late 2022"]
[White "Mesa Cruz, Juan Carlos"]
[Black "Urbina Perez, Juan Antonio"]
[WhiteFideId "6423400"]
[BlackFideId "2217368"]
[WhiteElo "2059"]
[BlackElo "2197"]
[Result "1/2-1/2"]
[Round "06"]
[TimeControl "180+1"]
[Date "2022.11.09"]
[WhiteClock "0:00:04"]
[BlackClock "0:01:14"]

1. e4 c5 2. Nf3 d6 3. d4 cxd4 4. Nxd4 Nf6 5. Nc3 Nc6 6. Be3 Ng4 7. Nxc6 Nxe3 8. fxe3 bxc6 9. Bc4 e6 10. O-O Be7 11. Qf3 O-O 12. Rf2 Bf6 13. Raf1 Be5 14. Ne2 Rb8 15. Bb3 Qf6 16. Qxf6 Bxf6 17. c3 Ba6 18. Rd1 Be5 19. Nd4 Rfc8 20. Ba4 Rb6 21. Bb3 g6 22. Nf3 Rc7 23. Nxe5 dxe5 24. Rd8+ Kg7 25. g4 c5 26. g5 Bb7 27. Rfd2 Bxe4 28. Re8 c4 29. Rdd8 f5 30. Rg8+ Kf7 31. Rh8 Ke7 32. Rhe8+ Kf7 33. Rf8+ Ke7 34. Rfe8+ Kf7 35. Rf8+ Kg7 36. Rg8+ Kf7 37. Ba4 Bc6 38. Bxc6 Rbxc6 39. Rgf8+ Ke7 40. Rfe8+ Kf7 41. Rf8+ Ke7 42. Rfe8+ Kf7 43. Rf8+ 1/2-1/2


[Site "https://www.chess.com"]